 Dungeon Crawl Stone Soup version 0.26-a0-1080-g4c0aae810e (webtiles) character file.

Game seed: 15957802654790151921

1300 polelong the Chiller (level 8, -5/59 HPs)
             Began as a Purple Draconian Ice Elementalist on Dec 15, 2020.
             Slain by a two-headed ogre
             ... wielding a +0 giant club
              (12 damage)
             ... on level 5 of the Dungeon.
             The game lasted 00:30:17 (5444 turns).

polelong the Chiller (DrIE)                         Turns: 5444, Time: 00:30:18

Health: -5/59      AC:  8    Str: 11    XL:     8   Next: 31%
Magic:  15/18      EV: 17    Int: 24    God:
Gold:   210        SH:  0    Dex: 11    Spells: 9/21 levels left

rFire    . . .     SeeInvis .   m - +4 quarterstaff (chaos)
rCold    . . .     Faith    .   (shield currently unavailable)
rNeg     . . .     Spirit   .   (armour unavailable)
rPois    .         Reflect  .   (helmet restricted)
rElec    .         Harm     .   d - +1 cloak
rCorr    .         Rampage  .   (no gloves)
Will     +....                  (no boots)
Stlth    ++........             h - amulet of the acrobat
HPRegen  0.19/turn              g - +6 ring of intelligence
MPRegen  0.16/turn              s - +4 ring of evasion

@: frozen ramparts
A: breathe power, unfitting armour, blurry vision 2, cold-blooded, AC +6
a: Breathe Dispelling Energy


You were on level 5 of the Dungeon.
You visited 1 branch of the dungeon, and saw 5 of its levels.

You collected 210 gold pieces.

Inventory:

Hand Weapons
 j - a +0 short sword
 k - a +0 club
 l - a +0 dagger
 m - a +4 quarterstaff of chaos (weapon)
 n - a +0 mace
 o - a +4 mace of protection
Armour
 d - a +1 cloak (worn)
Jewellery
 g - a +6 ring of intelligence (left hand)
 h - an amulet of the acrobat (around neck)
 s - a +4 ring of evasion (right hand)
 u - an uncursed ring of stealth
 w - an uncursed ring of protection from cold
Wands
 b - a wand of digging (1)
 i - a wand of random effects (22)
Scrolls
 a - a scroll of amnesia
 e - 3 scrolls of remove curse
 q - 3 scrolls of teleportation
 r - 2 scrolls of fear
 t - a scroll of enchant weapon
Potions
 f - 3 potions of curing
 v - a potion of invisibility


   Skills:
 + Level 1.4 Fighting
 + Level 1.5(2.1) Maces & Flails
 + Level 2.2(2.5) Staves
 + Level 3.4 Dodging
 + Level 2.5 Stealth
 + Level 7.0 Spellcasting
 + Level 1.0 Summonings
 + Level 7.2 Ice Magic


You had 9 spell levels left.
You knew the following spells:

 Your Spells              Type           Power        Failure   Level
a - Freeze                Ice            ####         1%          1
b - Frozen Ramparts       Ice            #####.       1%          3
c - Summon Ice Beast      Ice/Summ       ####....     13%         4
d - Ozocubu's Armour      Ice            #####...     1%          3
e - Corona                Hex            #......      7%          1

Your spell library contained the following spells:

 Spells                   Type           Power        Failure   Level
 Summon Small Mammal      Summ           ##..         4%          1
 Animate Skeleton         Necr           #.....       7%          1
 Apportation              Tloc           #.....       7%          1
 Hailstorm                Conj/Ice       ####....     16%         4


Dungeon Overview and Level Annotations

Branches:
Dungeon (5/15)
 Temple: D:4-7

Altars:
The Shining One


Innate Abilities, Weirdness & Mutations

You can breathe bolts of dispelling energy.
Your rich purple scales are hard. (AC +6)
You cannot fit into any form of body armour.
You are cold-blooded and may be slowed by cold attacks.
Scrolls take you longer to read.


Message History

The wall freezes the orc!
You kill the orc!
The wall freezes the orc.
Your Spellcasting skill increases to level 7!
The wall freezes the orc.
You kill the orc!
The wall freezes the two-headed ogre!
The two-headed ogre completely misses you.
The two-headed ogre misses you.
You sock the two-headed ogre!
The two-headed ogre is moderately wounded.
You hit the two-headed ogre.
The two-headed ogre goes berserk!
You tail-slap the two-headed ogre.
The two-headed ogre is heavily wounded.
The wall freezes the two-headed ogre.
The two-headed ogre hits you with a +0 giant club!!!
Ouch! That really hurt!
* * * LOW HITPOINT WARNING * * *
The two-headed ogre hits you with a +0 giant spiked club!
You die...

.........#...)###########...#
.........#.....'............#
.........#.....#............##
.........#.....#.............#
.........#.....#.............#
.........#.)...#.............#
.........#.##.##+##...###..###
.....#'###)##.##.####'######
.....#...)..#...@#.....#
.....#......#...O#.....#
.....#......#....#.....#
.....#......#....#.....#
.....#......'..o.#.....#
.....##########'###...##
...... .........##...###
.........#...((.#
.........#......#


You could see a two-headed ogre (berserk) and an orc wizard (fast).

Vanquished Creatures
  Sigmund (D:2)
  A phantom (D:4)
  2 ogres (D:4)
  A centaur (D:5)
  A scorpion (D:4)
  A howler monkey (D:4)
  An orc priest (D:5)
  A centaur zombie (D:5)
  Crazy Yiuf (D:2)
  A hound (D:5)
  3 iguanas
  Natasha (thrice) (D:4)
  5 orc wizards
  2 worker ants
  9 adders
  A shadow imp (D:5)
  An ufetubus (D:5)
  An ooze (D:1)
  An adder skeleton (D:4)
  4 worms
  3 dart slugs
  7 leopard geckos
  24 orcs
  6 bats
  5 giant cockroaches
  10 goblins
  3 hobgoblins
  15 jackals
  12 kobolds
  A quokka (D:3)
  6 frilled lizards
  A quokka skeleton (D:5)
  6 rats
140 creatures vanquished.

Vanquished Creatures (collateral kills)
  An orc wizard (D:5)
  An adder skeleton (D:4)
  A jackal (D:3)
  A kobold (D:3)
4 creatures vanquished.

Grand Total: 144 creatures vanquished

Notes
Turn   | Place    | Note
-------+----------+-------------------------------------------
     0 | D:1      | polelong the Draconian Ice Elementalist began the quest for
                  | the Orb.
     0 | D:1      | Reached XP level 1. HP: 14/14 MP: 3/3
   186 | D:1      | Reached XP level 2. HP: 19/20 MP: 0/5
   426 | D:1      | Gained mutation: Your spells are a little easier to cast,
                  | but a little less powerful. [potion of mutation]
   426 | D:1      | Gained mutation: Scrolls take you a little longer to read.
                  | [potion of mutation]
   426 | D:1      | Gained mutation: Scrolls take you longer to read. [potion
                  | of mutation]
   426 | D:1      | Lost mutation: Your spells are a little easier to cast, but
                  | a little less powerful. [potion of mutation]
   663 | D:1      | Reached XP level 3. HP: 25/26 MP: 3/6
   917 | D:2      | Noticed Sigmund
   986 | D:2      | Learned a level 3 spell: Frozen Ramparts
  1054 | D:2      | Reached skill level 5 in Ice Magic
  1054 | D:2      | Reached XP level 4. HP: 18/33 MP: 1/7
  1274 | D:2      | Killed Sigmund
  1275 | D:2      | Reached XP level 5. HP: 14/38 MP: 0/10
  1527 | D:2      | Reached skill level 1 in Maces & Flails
  1729 | D:2      | Reached XP level 6. HP: 37/45 MP: 4/11
  1954 | D:2      | Found a runed translucent door.
  1955 | D:2      | Noticed Crazy Yiuf
  2009 | D:2      | Found a glowing golden altar of the Shining One.
  2294 | D:2      | Killed Crazy Yiuf
  2415 | D:3      | Learned a level 4 spell: Summon Ice Beast
  2419 | D:3      | Learned a level 3 spell: Ozocubu's Armour
  3043 | D:3      | Reached skill level 1 in Fighting
  3431 | D:4      | Noticed Natasha
  3443 | D:4      | Your scales start taking on a rich purple colour.
  3443 | D:4      | Reached skill level 5 in Spellcasting
  3443 | D:4      | Reached XP level 7. HP: 35/52 MP: 5/14
  3443 | D:4      | Killed Natasha
  3701 | D:4      | Noticed Natasha
  3704 | D:4      | Killed Natasha
  3705 | D:4      | Reached skill level 1 in Staves
  3741 | D:4      | Learned a level 1 spell: Corona
  4517 | D:4      | Noticed Natasha
  4527 | D:4      | Killed Natasha
  4673 | D:5      | Entered Level 5 of the Dungeon
  4773 | D:5      | Reached XP level 8. HP: 56/59 MP: 6/17
  5418 | D:5      | Reached skill level 1 in Summonings
  5422 | D:5      | Noticed a two-headed ogre
  5444 | D:5      | Slain by a two-headed ogre

Illustrated notes

Levels and vault maps discovered:
D:1:      nzn_arrival_settlement, layout_rooms
D:2:      layout_basic, tso_altar, uniq_sigmund, uniq_crazy_yiuf_cottage
D:3:      layout_basic, hangedman_decor_points
D:4:      layout_loops_ring, st_stairs_10, hangedman_decor_push,
          hangedman_abyss_or_decor_stabs, uniq_natasha
D:5:      layout_gridville, nicolae_overflow_hidden_temple, uniq_duvessa

Skill      XL: |  1  2  3  4  5  6  7  8 |
---------------+-------------------------+-----
Dodging        | 2 3 |  3.4
Ice Magic      | 5 6 7 |  7.2
Spellcasting   | 3 5 6 7 |  7.0
Maces & Flails | 1 |  1.5
Stealth        | 2 |  2.5
Fighting       | 1 |  1.4
Staves         | 1 2 |  2.2
Summonings     | 1 |  1.0

Action                   |  1- 3 |  4- 6 |  7- 9 || total
-------------------------+-------+-------+-------++-------
Melee: Unarmed           |    17 |       |       ||    17
       Tailslap          |     4 |     2 |     5 ||    11
       Mace              |    13 |    13 |       ||    26
       Quarterstaff      |       |    11 |    40 ||    51
 Cast: Freeze            |    46 |    49 |    39 ||   134
       Frozen Ramparts   |       |    12 |    14 ||    26
       Summon Ice Beast  |       |     1 |     5 ||     6
       Ozocubu's Armour  |       |       |     5 ||     5
 Abil: Breathe Dispellin |       |       |     4 ||     4
  Use: Scroll            |     5 |     1 |     4 ||    10
       Potion            |     5 |     1 |     1 ||     7
 Stab: Sleeping          |       |       |     1 ||     1
Armor: Skin              |    17 |    12 |    18 ||    47
Dodge: Dodged            |    50 |    73 |    92 ||   215

Table legend: (Time is in decaauts)
 A = Elapsed time spent in this place.
 B = Non-inter-level travel time spent in this place.
 C = Inter-level travel time spent in this place.
 D = Time resting spent in this place.
 E = Time spent auto-exploring this place.
 F = Levels seen in this place.
 G = Mean time per level.
                   A        B        C        D        E       F      G
               +--------+--------+--------+--------+--------+-----+--------+
         Total |   5467 |   5316 |    151 |    290 |   3970 |   5 | 1093.4 |
       Dungeon |   5467 |   5316 |    151 |    290 |   3970 |   5 | 1093.4 |
               +--------+--------+--------+--------+--------+-----+--------+

Top non-repeatable levels by time:
     D:2: 1577 daAuts
     D:4: 1286 daAuts
     D:3: 1006 daAuts
     D:1: 821 daAuts
     D:5: 774 daAuts
